 Dungeon Crawl Stone Soup version 0.29-a0-330-g52719c12eb (webtiles) character file.

Game seed: 5559469711555727899

77 sammy202020 the Skirmisher (level 4, -4/55 HPs)
             Began as a Demonspawn Berserker on Apr 13, 2022.
             Was a Follower of Trog.
             Slain by a gnoll
             ... wielding a +0 spear
              (5 damage)
             ... on level 2 of the Dungeon.
             The game lasted 00:03:28 (1937 turns).

sammy202020 the Skirmisher (Demonspawn Berserker)   Turns: 1937, Time: 00:03:28

Health: -4/55      AC: 10    Str: 17    XL:     4   Next: 14%
Magic:  4/4        EV:  7    Int: 11    God:    Trog [*.....]
Gold:   111        SH:  0    Dex: 12    Spells: 3/3 levels left

rFire   . . .      SeeInvis .   a - +0 hand axe
rCold   . . .      Faith    .   (no shield)
rNeg    . . .      Spirit   .   j - +0 chain mail
rPois   .          Reflect  .   (no helmet)
rElec   .          Harm     .   (no cloak)
rCorr   .          Rampage  .   (no gloves)
Will    .....                   (no boots)
Stlth   ..........              (no amulet)
HPRegen 0.18/turn               w - ring of flight
MPRegen 0.09/turn               (no ring)

@: berserking, flying, very quick
A: hooves 1, slimy green scales 1, demonic magic 1
a: Renounce Religion, Berserk


You were on level 2 of the Dungeon.
You worshipped Trog.
Trog was aware of your devotion.
You visited 1 branch of the dungeon, and saw 4 of its levels.

You collected 111 gold pieces.

Inventory:

Hand Weapons
 a - a +0 hand axe (weapon)
 h - a +1 whip of venom
 v - a +0 hunting sling
Missiles
 c - 3 boomerangs (quivered)
 g - 5 javelins
Armour
 j - a +0 chain mail (worn)
Jewellery
 w - a ring of flight (left hand)
Wands
 o - a wand of flame (2)
Scrolls
 f - 2 scrolls of enchant armour {unknown}
 i - a scroll of fear {unknown}
 l - a scroll of identify {unknown}
 m - a scroll of amnesia {unknown}
 n - 2 scrolls of teleportation {unknown}
 p - a scroll of fog {unknown}
 q - a scroll of silence {unknown}
 r - a scroll of vulnerability {unknown}
 t - a scroll of immolation {unknown}
 u - a scroll of noise {unknown}
Potions
 b - a potion of haste {unknown}
 d - a potion of flight {unknown}
 e - a potion of might {unknown}
 k - 2 potions of heal wounds {unknown}
 s - a potion of brilliance {unknown}
 x - a potion of degeneration {unknown}


   Skills:
 * Level 3.9 Fighting
 * Level 3.5 Axes
 + Level 2.3 Armour
 - Level 1.7 Dodging


You had 3 spell levels left.
You didn't know any spells.
Your spell library was empty.

Dungeon Overview and Level Annotations

Branches:
Dungeon (4/15)
 Temple: D:4-7

Altars:


Innate Abilities, Weirdness & Mutations

You have large cloven feet.
You are partially covered in slimy green scales. (AC +2)
Spells you cast may paralyse adjacent enemies.


Message History

You closely miss the gnoll. You kick the gnoll.
The gnoll is moderately wounded.
You closely miss the gnoll. The gnoll hits you with a +0 flail.
The gnoll hits you but does no damage. x2; The gnoll barely misses you.
You are too injured to fight recklessly!
You are too injured to fight recklessly!
You are too injured to fight recklessly!
You are too injured to fight recklessly!
You are too injured to fight recklessly!
You are too injured to fight recklessly!
You are too injured to fight recklessly!
You are too injured to fight recklessly!
You are too injured to fight recklessly!
You are too injured to fight recklessly!
You are too injured to fight recklessly!
You are too injured to fight recklessly!
You are too injured to fight recklessly!
You are too injured to fight recklessly!
You are too injured to fight recklessly!
You are too injured to fight recklessly!
You are too injured to fight recklessly!
You are too injured to fight recklessly!
You are too injured to fight recklessly!
You closely miss the gnoll. You kick the gnoll.
The gnoll is lightly wounded.
You hit the gnoll.
The gnoll hits you but does no damage. x2
The gnoll hits you with a +0 whip. The gnoll barely misses you.
You hit the gnoll. Your kick misses the gnoll.
The gnoll is heavily wounded.
You completely miss the gnoll. The gnoll hits you with a +0 flail.
* * * LOW HITPOINT WARNING * * *
The gnoll hits you from afar with a +0 spear.
* * * LOW HITPOINT WARNING * * *
The gnoll closely misses you. The gnoll barely misses you.
A red film seems to cover your vision as you go berserk!
You feel yourself moving faster!
You feel mighty! The gnoll hits you with a +0 flail.
* * * LOW HITPOINT WARNING * * *
The gnoll hits you from afar with a +0 spear.
You die...

#.#........###.......
##..............###...
#...#.......†.#####...
#.#........#......)..#
#.#........#.........#
#.#........#.........#
#...#.....##.........#
#######...###.........#
#...gg@..## #.........#
#...gg#### ######.####
#..... #.. #..... ####
######


You could see 4 gnolls.

Vanquished Creatures
  A hound (D:4)
  2 adders (D:2)
  3 worms (D:2)
  A dart slug (D:1)
  A bat (D:1)
  2 goblins
  3 quokkas
  3 ball pythons
  A frilled lizard (D:1)
  2 kobolds
  A rat (D:2)
20 creatures vanquished.

Vanquished Creatures (others)
  33 plants (D:1)
33 creatures vanquished.

Grand Total: 53 creatures vanquished

Notes
Turn   | Place    | Note
-------+----------+-------------------------------------------
     0 | D:1      | sammy202020 the Demonspawn Berserker began the quest for
                  | the Orb.
     0 | D:1      | Reached XP level 1. HP: 18/18 MP: 1/1
   535 | D:1      | Gained mutation: Spells you cast may paralyse adjacent
                  | enemies. [demonic ancestry]
   535 | D:1      | Reached XP level 2. HP: 24/24 MP: 2/2
  1011 | D:2      | Identified the +0 robe of Sloth {Stlth+}
  1069 | D:2      | Gained mutation: You are partially covered in slimy green
                  | scales. (AC +2) [demonic ancestry]
  1069 | D:2      | Reached XP level 3. HP: 11/29 MP: 3/3
  1356 | D:2      | You fall into a shaft and drop 2 floors!
  1375 | D:4      | Gained mutation: You have large cloven feet. [demonic
                  | ancestry]
  1375 | D:4      | Reached XP level 4. HP: 30/37 MP: 4/4
  1937 | D:2      | HP: 1/55 [gnoll/+0 flail (4)]
  1937 | D:2      | Slain by a gnoll

Illustrated notes

Levels and vault maps discovered:
D:1:      roderic_crop_circles_arrival_small, layout_loops_ring
D:2:      layout_rooms
D:3:      layout_loops_ring, dreamdust_ecumenical_altar_statues,
          grunt_ministairs_2
D:4:      layout_layer_cave

Skill      XL: |  1  2 |
---------------+-------+-----
Axes           | 3 |  3.5
Armour         | 2 |  2.3
Fighting       | |  3.9
Dodging        | |  1.7

Action                   |  1- 3 |  4- 6 || total
-------------------------+-------+-------++-------
Melee: Hand axe          |    84 |    26 ||   110
       Punch             |     1 |       ||     1
       Kick              |       |     8 ||     8
Invok: Berserk           |     1 |     1 ||     2
Armor: Animal skin       |     6 |       ||     6
       Chain mail        |    35 |    14 ||    49
Dodge: Dodged            |    39 |    12 ||    51

Table legend: (Time is in decaauts)
 A = Elapsed time spent in this place.
 B = Non-inter-level travel time spent in this place.
 C = Inter-level travel time spent in this place.
 D = Time resting spent in this place.
 E = Time spent auto-exploring this place.
 F = Levels seen in this place.
 G = Mean time per level.
                   A        B        C        D        E       F      G
               +--------+--------+--------+--------+--------+-----+--------+
         Total |   1961 |   1935 |     26 |     37 |   1535 |   4 |  490.2 |
       Dungeon |   1961 |   1935 |     26 |     37 |   1535 |   4 |  490.2 |
               +--------+--------+--------+--------+--------+-----+--------+

Top non-repeatable levels by time:
     D:1: 1008 daAuts
     D:2: 721 daAuts
     D:4: 205 daAuts
     D:3: 27 daAuts
